 Dungeon Crawl Stone Soup version 0.28.0 (webtiles) character file.

Game seed: 1715698404970279107

55 croobank the Skirmisher (level 3, 0/33 (34) HPs)
             Began as a Hill Orc Abyssal Knight on Feb 8, 2022.
             Was a Believer of Lugonu.
             Succumbed to an adder's poison
             ... on level 3 of the Dungeon.
             The game lasted 00:07:25 (2398 turns).

croobank the Skirmisher (Hill Orc Abyssal Knight)   Turns: 2398, Time: 00:07:25

HP:   0/33 (34)     AC:  4    Str: 14 (15) XL:     3   Next: 93%
MP:   5/5           EV: 11    Int:  8 (10) God:    Lugonu [**....]
Gold: 106           SH:  0    Dex: 11 (13) Spells: 2/2 levels left

rFire   . . .      SeeInvis .   a - +1 hand axe
rCold   . . .      Faith    .   (no shield)
rNeg    . . .      Spirit   .   e - +0 leather armour
rPois   .          Reflect  .   (no helmet)
rElec   .          Harm     .   (no cloak)
rCorr   .          Rampage  .   i - +0 pair of gloves
Will    .....                   (no boots)
Stlth   +.........              (no amulet)
HPRegen 0.11/turn               (no ring)
MPRegen 0.09/turn               (no ring)

@: lethally poisoned (0 -> -2), lightly drained
A: no striking features
a: Renounce Religion, Depart the Abyss, Bend Space


You were on level 3 of the Dungeon.
You worshipped Lugonu.
Lugonu was pleased with you.
You visited 1 branch of the dungeon, and saw 4 of its levels.
You visited the Abyss 1 time.

You collected 106 gold pieces.

Inventory:

Hand Weapons
 a - a +1 hand axe (weapon)
 b - a +0 hunting sling
Missiles
 d - 81 stones
 j - 3 boomerangs (quivered)
Armour
 e - a +0 leather armour (worn)
 i - a +0 pair of gloves (worn)
Jewellery
 c - a ring of fire
Scrolls
 f - a scroll of enchant armour {unknown}
 h - a scroll of identify {unknown}


   Skills:
 + Level 4.6 Fighting
 + Level 3.3 Axes
 + Level 2.6 Armour
 + Level 1.1 Dodging
 + Level 0.2 Stealth
 + Level 2.7 Invocations


You had 2 spell levels left.
You didn't know any spells.
Your spell library was empty.

Dungeon Overview and Level Annotations

Branches:
Dungeon (4/15)
 Temple: D:4-7

Altars:

Annotations:
D:2 1 runed translucent door, Crazy Yiuf
D:4 Grinder


Message History

You hit the adder.
The adder is heavily wounded.
You feel sick. The adder bites you.
* * * LOW HITPOINT WARNING * * *
You miss the adder.
The adder is heavily wounded.
You feel sick. The adder barely misses you. The adder bites you.
* * * LOW HITPOINT WARNING * * *
You are lethally poisoned!
The adder poisons you!
You aren't carrying any potions.
Unknown command.
Okay, then.
You aren't carrying any items that you can evoke.
Blink to where?
Press: ? - help, Dir - move target
As you read the scroll of blinking, it crumbles to dust.
* * * LOW HITPOINT WARNING * * *
You feel sick.
b - a +0 hunting sling (weapon)
Fire: 83 stones
Press: ? - help, Q - select action, (/) - cycle Shift-Dir - straight line, f - adder
Aim: an adder (heavily wounded, 38% to hit)
You shoot a stone. The stone barely misses the adder.
* * * LOW HITPOINT WARNING * * *
You feel sick.
Fire: 82 stones
Press: ? - help, Q - select action, (/) - cycle Shift-Dir - straight line, f/p - adder
Aim: an adder (heavily wounded, 38% to hit)
You shoot a stone. The stone closely misses the adder.
* * * LOW HITPOINT WARNING * * *
You feel sick.
Throw: 3 boomerangs
Press: ? - help, Q - select action, (/) - cycle Shift-Dir - straight line, f/p - adder
Aim: an adder (heavily wounded, 38% to hit)
You throw a boomerang. The boomerang misses the adder.
* * * LOW HITPOINT WARNING * * *
You feel sick.
a - a +1 hand axe (weapon)
You die...

##################
[>.......(.....S@#
##############.###
#.# o #.# .. #>#
### #.#######
#....<..#
#####.### #.#


You could see an adder.

Vanquished Creatures
  2 dart slugs (D:1)
  5 orcs
  8 ball pythons
  2 endoplasms (D:1)
  A giant cockroach (D:1)
  7 goblins
  A hobgoblin (D:1)
  2 jackals (D:1)
  2 quokkas
  5 bats
  3 frilled lizards (D:1)
  2 kobolds (D:1)
  A rat (D:1)
41 creatures vanquished.

Notes
Turn   | Place    | Note
-------+----------+-------------------------------------------
     0 | Abyss:1  | croobank the Hill Orc Abyssal Knight began the quest for
                  | the Orb.
     0 | Abyss:1  | Reached XP level 1. HP: 19/19 MP: 2/2
    24 | Abyss:2  | Noticed a small abomination
    46 | Abyss:2  | Noticed a raiju
    56 | D:1      | Escaped the Abyss
   102 | D:1      | Reached skill level 4 in Fighting
   114 | D:1      | Reached XP level 2. HP: 26/27 MP: 3/3
   500 | D:1      | Reached XP level 3. HP: 34/34 MP: 5/5
   787 | D:1      | Reached skill level 1 in Dodging
   856 | D:1      | Found a faded altar of an unknown god.
  1820 | D:2      | Found a runed translucent door.
  1821 | D:2      | Noticed Crazy Yiuf
  2061 | D:4      | Reached ** piety under Lugonu
  2362 | D:4      | Noticed Grinder
  2366 | D:4      | Paralysed by Grinder for 2 turns
  2397 | D:3      | HP: 1/33 [poisoned by an adder]
  2398 | D:3      | Succumbed to an adder's poison

Illustrated notes

Levels and vault maps discovered:
D:1:      onia_arrival_pyramid, layout_basic, chequers_ecumenical_altar_grove
D:2:      layout_loops_cross, uniq_crazy_yiuf_cottage
D:3:      layout_basic
D:4:      layout_basic, hangedman_abyss_or_decor_passed,
          hangedman_decor_slide_cut, minmay_misc_feat_tiny, uniq_grinder,
          uniq_blork_the_orc

Skill      XL: |  1  2  3 |
---------------+----------+-----
Fighting       | 4 |  4.6
Axes           | 3 |  3.3
Dodging        | 1 |  1.1
Armour         | |  2.6
Stealth        | |  0.2
Invocations    | |  2.7

Action                   || total
-------------------------++-------
Melee: Hand axe          ||   141
 Fire: Hunting sling     ||     2
Throw: Boomerang         ||     1
  Use: Scroll            ||     4
       Potion            ||     1
Armor: Leather armour    ||    57
Dodge: Dodged            ||   103
